 Dungeon Crawl Stone Soup version 0.24.0-37-gcf1ca852f1 (webtiles) character file.

Game seed: 13310244628153901353, levelgen mode: deterministic

18 DildoBatman the Magician (level 2, 0/19 HPs)
             Began as a Formicid Wizard on Nov 26, 2019.
             Slain by a goblin
             ... wielding a +0 dagger
              (4 damage)
             ... on level 1 of the Dungeon.
             The game lasted 00:01:49 (707 turns).

DildoBatman the Magician (Formicid Wizard)           Turns: 707, Time: 00:01:51

Health: 0/19       AC:  2    Str: 11    XL:     2   Next: 85%
Magic:  0/6        EV: 12    Int: 17    God:
Gold:   62         SH:  0    Dex:  9    Spells: 6/7 levels left

rFire    . . .     SeeInvis +   h - +0 short sword
rCold    . . .     Gourm    .   (no shield)
rNeg     . . .     Faith    .   a - +0 robe
rPois    .         Spirit   .   (helmet unavailable)
rElec    .         Reflect  .   (no cloak)
rCorr    .         Harm     .   (no gloves)
MR       .....                  (no boots)
Stlth    ++........             (no amulet)
HPRegen  0.06/turn              (no ring)
MPRegen  0.10/turn              (no ring)

@: no status effects
A: permanent stasis, dig shafts and tunnels, four strong arms, antennae 3
a: Dig, Shaft Self


You were on level 1 of the Dungeon.
You were not hungry.

You visited 1 branch of the dungeon, and saw 1 of its levels.

You collected 62 gold pieces.

Inventory:

Hand Weapons
 f - a +0 club
 h - a +0 short sword (weapon)
Missiles
 b - 10 stones (quivered)
 e - 27 bolts
Armour
 a - a +0 robe (worn)
Scrolls
 c - a scroll of teleportation {unknown}
 g - a scroll of blinking {unknown}
Comestibles
 v - a ration


   Skills:
 - Level 1.7 Dodging
 - Level 2.4 Stealth
 - Level 3.2 Spellcasting
 * Level 2.3 Conjurations
   Level 1.0 Summonings
   Level 0.8 Translocations


You had 6 spell levels left.
You knew the following spells:

 Your Spells              Type           Power        Failure   Level  Hunger
c - Magic Dart            Conj           ##..         7%          1    None

Your spell library contained the following spells:

 Spells                   Type           Power        Failure   Level  Hunger
 Call Imp                 Summ           #.......     17%         2    ##.....
 Slow                     Hex            #.......     26%         2    ##.....
 Conjure Flame            Conj/Fire      #.......     32%         3    ###....
 Mephitic Cloud           Conj/Pois/Air  #.......     36%         3    ###....
 Blink                    Tloc           Unusable     N/A         2    N/A

Dungeon Overview and Level Annotations

Branches:
Dungeon (1/15)

Altars:


Innate Abilities, Weirdness & Mutations

You cannot be hasted, slowed, berserked, paralysed or teleported.
You can dig through walls and to a lower floor.
Your four strong arms can wield two-handed weapons with a shield.
You have a pair of large antennae on your head. (SInv)


Message History

You see here a stone.
You hit the giant cockroach.
You kill the giant cockroach!
Casting: Magic Dart (safe; 7% risk of failure)
Confirm with . or Enter, or press ? or * to list all spells.
Aiming: Magic Dart (safe; 7% risk of failure)
Press: ? - help, Shift-Dir - straight line, f - goblin
Aim: a goblin, wielding a +0 dagger The magic dart hits the goblin.
The goblin is moderately wounded.
The goblin hits you with a +0 dagger.
Casting: Magic Dart (safe; 7% risk of failure)
Confirm with . or Enter, or press ? or * to list all spells.
Aiming: Magic Dart (safe; 7% risk of failure)
Press: ? - help, Shift-Dir - straight line, f/p - goblin
Aim: a goblin, wielding a +0 dagger The magic dart hits the goblin.
The goblin is moderately wounded.
The goblin hits you with a +0 dagger.
You die...

. .#.#. . . (). .#.
#(# { #.# ###†# #####
#>####.(.# ....####
#.##...### .......##
#.##.### .⌠......#.
#.g..#
....⌠...##..####@#..#
.........##......#..#
.....⌠...######.....#
... ..≈.....<#
##..##..# #.#
.....⌠...# ##..##♣♣.♣
#.# .........#
#..#♣♣♣♣.♣♣ ...
....⌠...##
#.##♣♣PP.PP♣♣ #.#
.⌠......#
#.#♣♣PP...PP♣ #.#
.......##
#..♣♣P.....P♣♣##.#


You could see a goblin.

Vanquished Creatures
  A dart slug (D:1)
  3 giant cockroaches (D:1)
  A goblin (D:1)
  4 hobgoblins (D:1)
  A jackal (D:1)
  3 kobolds (D:1)
  A rat (D:1)
14 creatures vanquished.

Notes
Turn   | Place    | Note
-------+----------+-------------------------------------------
     0 | D:1      | DildoBatman the Formicid Wizard began the quest for the
                  | Orb.
     0 | D:1      | Reached XP level 1. HP: 13/13 MP: 4/4
    89 | D:1      | Reached skill level 1 in Conjurations
   223 | D:1      | Reached XP level 2. HP: 8/19 MP: 0/6
   707 | D:1      | Slain by a goblin

Levels and vault maps discovered:
D:1:      dpeg_arrival_stone_temple_mockup, layout_rooms, serial_forest,
          infiniplex_forest_lined_3, infiniplex_forest_clump_C,
          infiniplex_forest_straight_4, infiniplex_forest_fountain,
          infiniplex_forest_split, infiniplex_forest_clump_tiny,
          infiniplex_forest_zigzag_1, serial_park_tiny_1, st_stairs_11,
          grunt_decor_mini_mirrors

Skill      XL: |  1  2 |
---------------+-------+-----
Conjurations   | 1 2 |  2.3
Dodging        | |  1.7
Stealth        | |  2.4
Spellcasting   | |  3.2
Summonings     | |  1.0
Translocations | |  0.8

Action                   || total
-------------------------++-------
Melee: Club              ||    11
       Unarmed           ||     7
       Short sword       ||    12
Throw: Stone             ||    14
 Cast: Magic Dart        ||    43
Armor: Robe              ||     4
Dodge: Dodged            ||    27
